 Dungeon Crawl Stone Soup version 0.29.0-4-gdea44cf6ec (webtiles) character file.

Game seed: 6216454905686086783

105 qw the Chopper (level 4, 0/26 HPs)
             Began as a Tengu Warper on Aug 28, 2022.
             Slain by a gnoll
             ... wielding a +0 flail
              (5 damage)
             ... on level 2 of the Dungeon.
             The game lasted 00:00:08 (1509 turns).

qw the Chopper (Tengu Warper)                       Turns: 1509, Time: 00:00:09

Health: 0/26       AC: 12    Str: 13    XL:     4   Next: 81%
Magic:  8/8        EV:  6    Int: 14    God:
Gold:   165        SH:  0    Dex: 13    Spells: 7/7 levels left

rFire   . . .      SeeInvis .   Y - +0 hand axe
rCold   . . .      Faith    .   (no shield)
rNeg    . . .      Spirit   .   d - +0 chain mail
rPois   .          Reflect  .   (helmet restricted)
rElec   .          Harm     .   (no cloak)
rCorr   .          Rampage  .   (no gloves)
Will    .....                   (boots unavailable)
Stlth   ..........              (no amulet)
HPRegen 0.08/turn               h - +4 ring of protection
MPRegen 0.11/turn               (no ring)

@: no status effects
A: beak, talons 3
a: no special abilities


You were on level 2 of the Dungeon.
You visited 1 branch of the dungeon, and saw 2 of its levels.

You collected 165 gold pieces.


Innate Abilities, Weirdness & Mutations

You have a beak for a mouth.
You have claws for feet.


   Skills:
 - Level 2.0 Fighting
 + Level 5.3 Axes
 - Level 1.0 Throwing
 - Level 1.1 Armour
 - Level 2.1 Dodging
 - Level 2.0 Spellcasting
 - Level 2.4 Translocations


You had 7 spell levels left.
You didn't know any spells.
Your spell library contained the following spells:

 Spells                   Type           Power      Damage    Failure   Level
 Blink                    Tloc           16%        N/A       99%         2
 Gell's Gravitas          Tloc           8%         N/A       100%        3
 Lesser Beckoning         Tloc           8%         N/A       100%        3
 Teleport Other           Tloc           8%         N/A       100%        3
 Manifold Assault         Tloc           8%         N/A       100%        5

Inventory:

Hand Weapons
 g - a +0 club
 Y - a +0 hand axe (weapon)
Armour
 d - a +0 chain mail (worn)
 f - a +0 cloak
Jewellery
 h - a +4 ring of protection (left hand)
Scrolls
 a - a scroll of teleportation {unknown}
 c - a scroll of immolation {unknown}
Potions
 b - a potion of brilliance {unknown}
 e - a potion of flight {unknown}

Dungeon Overview and Level Annotations

Branches:
Dungeon (2/15)

Altars:


Message History

HP restored.
c - a scroll labelled WOAS HUTOLOAM
Things that are here:
a +0 ring mail; a jackal corpse; a jackal corpse
f - a +0 cloak
Enter note: You open the door. 3 gnolls come into view.
The gnoll shouts! x3
An endoplasm comes into view.
1499 ||| Stepping ~*~*~tactically~*~*~ (stealth).
You closely miss the gnoll. Your peck misses the gnoll.
You barely miss the gnoll. You claw the gnoll.
The gnoll is lightly wounded.
The gnoll hits you with a +0 whip.
You hit the gnoll.
The gnoll is moderately wounded.
You hit the gnoll but do no damage. The gnoll hits you with a +0 flail.
The gnoll hits you but does no damage.
You barely miss the gnoll. Your peck misses the gnoll.
The gnoll is moderately wounded.
You closely miss the gnoll. The gnoll closely misses you.
The gnoll hits you with a +0 whip.
You hit the gnoll but do no damage. You claw the gnoll.
The gnoll is heavily wounded.
You hit the gnoll. The gnoll barely misses you.
The gnoll hits you but does no damage.
You hit the gnoll but do no damage. You claw the gnoll. You peck the gnoll.
The gnoll is severely wounded.
You hit the gnoll. The gnoll hits you with a +0 flail!
The gnoll hits you with a +0 whip.
You barely miss the gnoll. You claw the gnoll.
The gnoll is almost dead.
You closely miss the gnoll.
The gnoll hits you but does no damage. x2
You hit the gnoll but do no damage.
The gnoll is almost dead.
You closely miss the gnoll. The gnoll hits you with a +0 flail.
You die...

### #..J......#
....
+.........+
#### ..g......
....... .....
... #g#
######g###
#....@g..#
#.####.#.#
##....#
#.....#####
##.........
##.###..#.##.#.
........#.# ..
##.####.#.# .
#........#


You could see 3 gnolls.

Vanquished Creatures
  A howler monkey (D:2)
  2 adders (D:2)
  2 worms (D:2)
  4 ball pythons
  An endoplasm (D:2)
  A giant cockroach (D:1)
  3 goblins
  5 hobgoblins
  8 jackals (D:2)
  2 kobolds
  2 quokkas
  3 frilled lizards (D:1)
  3 rats
37 creatures vanquished.

Vanquished Creatures (others)
  3 fungi (D:1)
  4 plants (D:1)
7 creatures vanquished.

Grand Total: 44 creatures vanquished

Notes
Turn   | Place    | Note
-------+----------+-------------------------------------------
     0 | D:1      | qw the Tengu Warper began the quest for the Orb.
     0 | D:1      | Reached XP level 1. HP: 12/12 MP: 4/4
     0 | D:1      | 0 ||| qw: Version: 0.1-a-89-g26bdef1
     0 | D:1      | 0 ||| qw: Game counter: 1913
     0 | D:1      | 0 ||| qw: Always use a shield: true
     0 | D:1      | 0 ||| qw: God list: Okawaru
     0 | D:1      | 0 ||| qw: Allow faded altars: false
     0 | D:1      | 0 ||| qw: Do Orc after D:15 true
     0 | D:1      | 0 ||| qw: Do second Lair branch before Depths: true
     0 | D:1      | 0 ||| qw: Lair rune preference: random
     0 | D:1      | 0 ||| qw: Plans: Normal
     0 | D:1      | 0 ||| PLANNING D:1-11
   204 | D:1      | Reached skill level 3 in Axes
   204 | D:1      | Reached XP level 2. HP: 17/17 MP: 6/6
   964 | D:1      | 964 ||| Stepping ~*~*~tactically~*~*~ (stealth).
  1030 | D:1      | Found a faded altar of an unknown god.
  1032 | D:1      | 1032 ||| UPGRADING to +0 chain mail.
  1042 | D:1      | 1042 ||| DROPPING +0 leather armour.
  1043 | D:1      | 1043 ||| UPGRADING to +4 ring of protection.
  1044 | D:1      | 1044 ||| READING scroll labelled RUIV GY OMIAJ.
  1045 | D:1      | 1045 ||| READING scroll labelled LON RACVAY.
  1046 | D:1      | 1046 ||| DROPPING scroll of blinking.
  1088 | D:2      | Reached XP level 3. HP: 19/21 MP: 7/7
  1147 | D:2      | 1147 ||| Stepping ~*~*~tactically~*~*~ (stealth).
  1225 | D:2      | 1225 ||| Stepping ~*~*~tactically~*~*~ (stealth).
  1229 | D:2      | Reached skill level 4 in Axes
  1357 | D:2      | 1357 ||| Stepping ~*~*~tactically~*~*~ (stealth).
  1359 | D:2      | 1359 ||| Stepping ~*~*~tactically~*~*~ (stealth).
  1368 | D:2      | Reached XP level 4. HP: 26/26 MP: 8/8
  1390 | D:2      | Reached skill level 5 in Axes
  1499 | D:2      | 1499 ||| Stepping ~*~*~tactically~*~*~ (stealth).
  1507 | D:2      | HP: 4/26 [gnoll/+0 whip (4)]
  1509 | D:2      | Slain by a gnoll

Levels and vault maps discovered:
D:1:      evilmike_arrival_crescent, layout_basic,
          shapermc_ecumenical_altar_mp_urbaneastern
D:2:      layout_loops_corners, minmay_pentomino_u2

Skill      XL: |  1  2  3  4 |
---------------+-------------+-----
Axes           | 3 4 5 |  5.3
Fighting       | |  2.0
Throwing       | |  1.0
Armour         | |  1.1
Dodging        | |  2.1
Spellcasting   | |  2.0
Translocations | |  2.4

Action                   |  1- 3 |  4- 6 || total
-------------------------+-------+-------++-------
Melee: Hand axe          |    77 |    28 ||   105
       Kick              |    22 |    10 ||    32
       Peck              |    10 |     5 ||    15
Throw: Boomerang         |     7 |       ||     7
  Use: Scroll            |     2 |       ||     2
Armor: Leather armour    |     9 |       ||     9
       Chain mail        |    24 |    11 ||    35
Dodge: Dodged            |    28 |     9 ||    37

Table legend:
 A = Non-vault XP
 B = Vault XP
 C = Vault XP percentage of total XP
 D = Non-vault monster count
 E = Vault monster count
 F = Vault count percentage of total count
                 A         B        C        D         E       F
            +---------+---------+-------+---------+---------+-------
      Total |     146 |       4 |   2.7 |      35 |       2 |   5.4
            +---------+---------+-------+---------+---------+-------
        D:1 |      24 |       0 |   0.0 |      15 |       0 |   0.0
        D:2 |     122 |       4 |   3.2 |      20 |       2 |   9.1
            +---------+---------+-------+---------+---------+-------
